 Dungeon Crawl Stone Soup version 0.29-a0-472-ge5599a681e (webtiles) character file.

Game seed: 6135332696326507648

39 dabmancer the Magician (level 3, -2/24 HPs)
             Began as a Human Hedge Wizard on May 22, 2022.
             Killed by nerve-wracking pain
             ... invoked by Jessica
              (5 damage)
             ... on level 2 of the Dungeon.
             The game lasted 00:06:06 (2773 turns).

dabmancer the Magician (Human Hedge Wizard)         Turns: 2773, Time: 00:06:07

Health: -2/24      AC:  0    Str: 10    XL:     3   Next: 70%
Magic:  4/8        EV: 19    Int: 16    God:
Gold:   52         SH:  0    Dex: 17    Spells: 4/9 levels left

rFire   . . .      SeeInvis .   (weapon currently unavailable)
rCold   . . .      Faith    .   (shield currently unavailable)
rNeg    . . .      Spirit   .   (body armour currently unavailable)
rPois   .          Reflect  .   (helmet currently unavailable)
rElec   .          Harm     .   (cloak currently unavailable)
rCorr   .          Rampage  .   (gloves currently unavailable)
Will    .....                   (boots currently unavailable)
Stlth   ++........              (no amulet)
HPRegen 0.08/turn               (ring currently unavailable)
MPRegen 0.11/turn               (ring currently unavailable)

@: bat-form, flying, slowed, quick
A: fast, flying, no casting, tiny
a: no special abilities


You were on level 2 of the Dungeon.
You were a bat.
You visited 1 branch of the dungeon, and saw 2 of its levels.

You collected 52 gold pieces.

Inventory:

Hand Weapons
 a - a +0 dagger
 m - a +0 club
 p - a +0 whip
 v - a +0 hand axe (melded)
Missiles
 u - 23 stones
Armour
 b - a +0 robe (melded)
 c - a +0 hat (melded)
 k - a +0 pair of gloves (melded)
 l - a +0 scale mail
 o - a +0 pair of gloves
 q - a +0 chain mail
 r - a +0 plate armour
Scrolls
 f - 2 scrolls of identify {unknown}
 h - a scroll of enchant weapon {unknown}
 j - a scroll of poison {unknown}
 n - a scroll of fear {unknown}
 s - a scroll of vulnerability {unknown}
Potions
 d - a potion of magic
 e - 2 potions of curing {unknown}
 g - a potion of attraction {unknown}
 i - a potion of heal wounds {unknown}
 t - a potion of lignification {unknown}


   Skills:
 + Level 2.2 Dodging
 + Level 2.2 Stealth
 + Level 3.8 Spellcasting
 + Level 1.4 Conjurations
 + Level 1.0 Summonings
 + Level 1.0 Translocations


You had 4 spell levels left.
You knew the following spells:

 Your Spells              Type           Power      Damage    Failure   Level
a - Magic Dart            Conj           28%        1d4       10%         1
b - Blink                 Tloc           12%        N/A       17%         2
c - Call Imp              Summ           6%         N/A       17%         2

Your spell library contained the following spells:

 Spells                   Type           Power      Damage    Failure   Level
 Slow                     Hex            12%        N/A       17%         1
 Conjure Flame            Conj/Fire      5%         6-21      36%         3
 Mephitic Cloud           Conj/Pois/Air  4%         N/A       38%         3


Dungeon Overview and Level Annotations

Branches:
Dungeon (2/15)

Altars:

Annotations:
D:2 Jessica


Message History

You closely miss Jessica.
Jessica is severely wounded.
You barely miss the quokka.
Jessica mumbles some strange words.
Jessica blinks!
The quokka completely misses you. The quokka barely misses you.
The rat misses you.
Jessica casts a spell.
Jessica blinks!
Aiming: Magic Dart (safe; 10% risk of failure)
Press: ? - help, Q - select action, (/) - cycle Shift-Dir - straight line, f/p - Jessica
Aim: Jessica, wielding a +2 dagger of holy wrath, wearing a +0 robe and carrying a wand of polymorph (10) (severely wounded, fast, 100% to hit)
The magic dart hits Jessica but does no damage.
Jessica is severely wounded.
The quokka bites you. The rat bites you. The quokka barely misses you.
Aiming: Magic Dart (safe; 10% risk of failure)
Press: ? - help, Q - select action, (/) - cycle Shift-Dir - straight line, f/p - Jessica
Aim: Jessica, wielding a +2 dagger of holy wrath, wearing a +0 robe and carrying a wand of polymorph (10) (severely wounded, fast, 100% to hit)
The magic dart hits Jessica.
Jessica is severely wounded.
Jessica zaps a wand.
You turn into a bat.
Your +0 hand axe melds into your body.
Your +0 hat melds into your body.
Your +0 pair of gloves melds into your body.
Your +0 robe melds into your body.
The rat bites you. The quokka barely misses you. The rat barely misses you.
The quokka closely misses you.
Unknown command.
You can't do that in your present form.
You hit the quokka but do no damage.
Jessica hits you with a +2 dagger of holy wrath. x2
* * * LOW HITPOINT WARNING * * *
The rat closely misses you. The quokka closely misses you.
Jessica casts a spell.
Jessica blinks!
You can't do that in your present form.
You hit the quokka but do no damage. The quokka closely misses you.
The rat bites you.
* * * LOW HITPOINT WARNING * * *
Jessica casts a spell at you. Pain shoots through your body!
You die...

#.#####.# #####
#.#..##.##########....
#.#..#>............###
#.#..#..######........
#.#..#..######+###..##
#.#............ #....
#.##........... #...#
#.............. #.#.#
#####b..######' #.#.#
...!..rr..# #.#..
#######...# #.#..
....@. #<... .##..###
#.##. ... #.... ###
.... ....... #.. #.###
#.##... #.# #. #.##


You could see Jessica (fast), a quokka and a rat.

Vanquished Creatures
  A worm (D:2)
  3 bats (D:1)
  4 endoplasms (D:1)
  4 goblins
  2 hobgoblins
  4 jackals (D:2)
  3 kobolds (D:1)
  2 quokkas
  2 ball pythons (D:1)
  4 frilled lizards
  4 rats
33 creatures vanquished.

Notes
Turn   | Place    | Note
-------+----------+-------------------------------------------
     0 | D:1      | dabmancer the Human Hedge Wizard began the quest for the
                  | Orb.
     0 | D:1      | Reached XP level 1. HP: 13/13 MP: 4/4
   531 | D:1      | Reached XP level 2. HP: 19/19 MP: 1/6
   903 | D:1      | Found Ytsabuoj's Jewellery Shoppe.
  1031 | D:1      | Reached XP level 3. HP: 24/24 MP: 2/8
  1713 | D:2      | Noticed Jessica
  2088 | D:1      | Learned a level 2 spell: Blink
  2091 | D:1      | Learned a level 2 spell: Call Imp
  2773 | D:2      | Killed from afar by Jessica

Illustrated notes

Levels and vault maps discovered:
D:1:      matt_arrival_spirals, layout_basic, serial_shops, shop,
          corexii_item_surrounded_by_moat
D:2:      layout_basic, basic_altar, uniq_jessica

Action                   || total
-------------------------++-------
Melee: Dagger            ||    14
       Club              ||    60
       Hand axe          ||     2
       Unarmed           ||     2
 Cast: Magic Dart        ||    62
Armor: Robe              ||    14
       Scale mail        ||     6
Dodge: Dodged            ||    72

Table legend: (Time is in decaauts)
 A = Elapsed time spent in this place.
 B = Non-inter-level travel time spent in this place.
 C = Inter-level travel time spent in this place.
 D = Time resting spent in this place.
 E = Time spent auto-exploring this place.
 F = Levels seen in this place.
 G = Mean time per level.
                   A        B        C        D        E       F      G
               +--------+--------+--------+--------+--------+-----+--------+
         Total |   2793 |   2689 |    104 |    775 |   1555 |   2 | 1396.5 |
       Dungeon |   2793 |   2689 |    104 |    775 |   1555 |   2 | 1396.5 |
               +--------+--------+--------+--------+--------+-----+--------+

Top non-repeatable levels by time:
     D:1: 2059 daAuts
     D:2: 734 daAuts
